 Dungeon Crawl Stone Soup version 0.30-a0-29-g142975f185 (webtiles) character file.

Game seed: 9727452807075356053

3323 timneilson the Shield-Bearer (level 10, -15/60 HPs)
             Began as a Gargoyle Fighter on Aug 26, 2022.
             Was a Priest of Okawaru.
             Demolished by a komodo dragon (18 damage)
             ... on level 7 of the Dungeon.
             The game lasted 00:15:36 (8703 turns).

timneilson the Shield-Bearer (Gargoyle Fighter)     Turns: 8703, Time: 00:15:36

Health: -15/60     AC: 32    Str: 24    XL:     10   Next: 2%
Magic:  11/13      EV: 10    Int:  9    God:    Okawaru [***...]
Gold:   527        SH:  7    Dex:  9    Spells: 9/9 levels left

rFire   . . .      SeeInvis .    z - +1 scimitar (flame)
rCold   . . .      Faith    .    c - +1 buckler
rNeg    + . .      Spirit   .    x - +0 chain mail
rPois   ∞          Reflect  .    g - +0 helmet
rElec   +          Harm     .    j - +2 cloak
rCorr   +          Rampage  .    v - +0 pair of gloves
Will    .....                    p - +0 pair of boots
Stlth   ..........               B - amulet of the acrobat
HPRegen 0.20/turn                i - +4 ring of protection
MPRegen 0.13/turn                d - ring of resist corrosion

@: heroic
A: sickness immunity, AC +7, negative energy resistance 1, electricity
resistance, torment resistance 1, petrification resistance
a: Renounce Religion, Heroism


You were on level 7 of the Dungeon.
You worshipped Okawaru.
Okawaru was most pleased with you.
You visited 1 branch of the dungeon, and saw 8 of its levels.
You also visited: Sewer.

You collected 527 gold pieces.

Inventory:

Hand Weapons
 a - a +1 long sword
 z - a +1 scimitar of flaming (weapon)
Missiles
 f - 3 throwing nets (quivered)
Armour
 c - a +1 buckler (worn)
 g - a +0 helmet (worn)
 j - a +2 cloak (worn)
 p - a +0 pair of boots (worn)
 v - a +0 pair of gloves (worn)
 x - a +0 chain mail (worn)
 y - a +0 plate armour
Jewellery
 d - a ring of resist corrosion (right hand)
 i - a +4 ring of protection (left hand)
 B - an amulet of the acrobat (around neck)
Wands
 q - a wand of flame (22)
 t - a wand of mindburst (18)
Scrolls
 h - 2 scrolls of identify
 l - 2 scrolls of enchant weapon
 m - 2 scrolls of enchant armour
 o - a scroll of amnesia
 s - 2 scrolls of teleportation
Potions
 e - 3 potions of lignification
 k - 2 potions of flight
 n - 3 potions of mutation
 r - a potion of magic
 u - a potion of brilliance


   Skills:
 + Level 5.7(10.7) Fighting
 * Level 6.1(11.1) Long Blades
 * Level 7.6(12.6) Armour
 + Level 3.3(8.3) Dodging
 * Level 7.6(12.6) Shields
 + Level 4.2 Invocations
 + Level 3.3 Evocations


You had 9 spell levels left.
You didn't know any spells.
Your spell library contained the following spells:

 Spells                   Type           Power      Damage    Failure   Level
 Magic Dart               Conj           0%         1d3       92%         1
 Necrotise                Necr           0%         1d4       92%         1
 Ensorcelled Hibernation  Hex/Ice        0%         N/A       98%         2
 Searing Ray              Conj           0%         2d4       98%         2
 Spider Form              Tmut/Pois      0%         N/A       100%        3
 Vampiric Draining        Necr           0%         2d6       100%        3
 Anguish                  Hex/Necr       0%         N/A       100%        4
 Fulminant Prism          Conj/Hex       0%         3d6       100%        4
 Agony                    Necr           0%         N/A       100%        5


Dungeon Overview and Level Annotations

Branches:
Dungeon (8/15)             Temple (0/1) D:4           Sewer (visited)
   Lair: D:8-11

Altars:
Dithmenos
Gozag
Hepliaklqana
Makhleb
Okawaru
Sif Muna
Uskayaw
Xom

Shops:
D:5 ?


Innate Abilities, Weirdness & Mutations

You are immune to sickness and miasma.
Your stone body is resilient. (AC +7)
You are immune to poison.
You resist negative energy. (rN+)
You are resistant to electric shocks. (rElec)
You are resistant to unholy torment.
You are immune to petrification.


Message History

The komodo dragon is heavily wounded.
The komodo dragon bites you but does no damage. x2
You hit the komodo dragon. You burn the komodo dragon.
The komodo dragon is heavily wounded.
The komodo dragon bites you!
You slash the komodo dragon! You burn the komodo dragon.
The komodo dragon is severely wounded.
The komodo dragon bites you!!
* * * LOW HITPOINT WARNING * * *
You barely miss the komodo dragon.
The komodo dragon is severely wounded.
You block the komodo dragon's attack.
You barely miss the komodo dragon.
The komodo dragon is severely wounded.
The komodo dragon bites you but does no damage.
You feel better. You block the komodo dragon's attack.
You gain the combat prowess of a mighty hero.
You block the komodo dragon's attack.
You hit the komodo dragon but do no damage.
The komodo dragon is severely wounded.
The komodo dragon bites you!
* * * LOW HITPOINT WARNING * * *
You hit the komodo dragon. You burn the komodo dragon.
The komodo dragon is severely wounded.
The komodo dragon bites you but does no damage.
You closely miss the komodo dragon.
The komodo dragon is severely wounded.
You block the komodo dragon's attack.
You hit the komodo dragon. You burn the komodo dragon.
The komodo dragon is almost dead.
The komodo dragon completely misses you.
You hit the komodo dragon but do no damage.
The komodo dragon is severely wounded.
You barely miss the komodo dragon.
The komodo dragon is severely wounded.
The komodo dragon closely misses you.
You closely miss the komodo dragon.
The komodo dragon is severely wounded.
The komodo dragon bites you!!
You die...

..#### ##.)###
.....#######..##
..##..)).##..##
..######....###
.## ###..#.## ##
#.....##
#......#
#.....†## #
###...l@# #
#..#### ## ##.##
#. #..# ## ##.##
# #..# ##.##
######## # #..#
##......###
#..##
##..........


You could see a komodo dragon.

Vanquished Creatures
  A two-headed ogre (D:7)
  A manticore (D:7)
  Maggie (D:6)
  2 steam dragons (D:6)
  A water moccasin (Sewer)
  A black bear (D:5)
  An ice beast (D:6)
  An orc warrior (D:6)
  A centaur (D:7)
  A phantom (D:6)
  6 bullfrogs
  2 necrophages
  2 howler monkeys
  3 hounds
  A jelly (D:5)
  A gnoll bouda (D:7)
  Crazy Yiuf (D:3)
  An orc priest (D:3)
  2 iguanas
  5 orc wizards
  15 gnolls
  7 adders
  2 shadow imps
  6 worms
  3 dart slugs
  15 orcs
  5 endoplasms
  3 giant cockroaches
  7 goblins
  4 hobgoblins
  3 jackals (D:4)
  3 quokkas
  3 ball pythons
  7 bats
  A frilled lizard (D:1)
  8 kobolds
  6 rats
133 creatures vanquished.

Vanquished Creatures (others)
  17 fungi (D:8)
  15 plants (D:8)
32 creatures vanquished.

Grand Total: 165 creatures vanquished

Notes
Turn   | Place    | Note
-------+----------+-------------------------------------------
     0 | D:1      | timneilson the Gargoyle Fighter began the quest for the
                  | Orb.
     0 | D:1      | Reached XP level 1. HP: 14/14 MP: 1/1
   301 | D:1      | Reached XP level 2. HP: 19/19 MP: 2/2
   303 | D:1      | Found a faded altar of an unknown god.
   825 | D:1      | Reached XP level 3. HP: 17/23 MP: 3/3
  1648 | D:2      | Reached XP level 4. HP: 9/28 MP: 4/4
  2067 | D:2      | Found a hide-covered altar of Uskayaw.
  2420 | D:3      | Reached skill level 1 in Dodging
  2569 | D:3      | Reached XP level 5. HP: 30/33 MP: 5/5
  3048 | D:3      | Found a shimmering altar of Xom.
  3048 | D:3      | Found an iron altar of Okawaru.
  3053 | D:3      | Became a worshipper of Warmaster Okawaru
  3241 | D:3      | Found a runed translucent door.
  3242 | D:3      | Noticed Crazy Yiuf
  3252 | D:3      | Killed Crazy Yiuf
  3965 | D:4      | Reached XP level 6. HP: 38/38 MP: 6/6
  4089 | D:4      | Reached skill level 1 in Invocations
  4563 | D:4      | Found an opulent altar of Gozag.
  4563 | D:4      | Found a burning altar of Makhleb.
  4603 | D:4      | Found a staircase to the Ecumenical Temple.
  4634 | D:4      | Reached * piety under Okawaru
  4806 | D:4      | Found a shimmering blue altar of Sif Muna.
  4960 | D:5      | Entered Level 5 of the Dungeon
  5041 | D:5      | Found a hazy altar of Hepliaklqana.
  5096 | D:5      | Noticed a black bear
  5113 | D:5      | Killed a black bear
  5114 | D:5      | Reached skill level 5 in Armour
  5114 | D:5      | Reached skill level 5 in Shields
  5114 | D:5      | Reached XP level 7. HP: 40/43 MP: 6/8
  5189 | D:5      | Found Zoje's Magic Scroll Shoppe.
  5201 | D:5      | Reached skill level 1 in Evocations
  6033 | D:6      | Noticed a steam dragon
  6050 | D:6      | Killed a steam dragon
  6051 | D:6      | Reached XP level 8. HP: 12/48 MP: 7/9
  6105 | D:6      | Found a glowing drain.
  6109 | Sewer    | Entered a sewer
  6665 | D:6      | Noticed Maggie
  6698 | D:6      | Killed Maggie
  6968 | D:6      | Reached ** piety under Okawaru
  7197 | D:6      | Reached skill level 5 in Fighting
  7197 | D:6      | Reached skill level 5 in Long Blades
  7213 | D:6      | Reached XP level 9. HP: 48/54 MP: 11/11
  7555 | D:7      | Noticed a manticore
  7588 | D:7      | Killed a manticore
  7588 | D:7      | Reached *** piety under Okawaru
  7909 | D:7      | Found a shadowy altar of Dithmenos.
  7920 | D:7      | Noticed a two-headed ogre
  7963 | D:7      | Killed a two-headed ogre
  8627 | D:8      | Noticed a komodo dragon
  8647 | D:7      | Reached XP level 10. HP: 56/60 MP: 13/13
  8692 | D:7      | HP: 2/60 [komodo dragon (18)]
  8697 | D:7      | HP: 2/60 [komodo dragon (11)]
  8703 | D:7      | Demolished by a komodo dragon

Illustrated notes

Levels and vault maps discovered:
D:1:      wander_arrival_peaceful_grave, layout_basic,
          hellmonk_ecumenical_altar_run_dry, minmay_misc_feat_iff
D:2:      layout_loops_cross, basic_altar
D:3:      layout_loops_ring, gammafunk_temple_overflow_statue,
          minmay_misc_feat_tower, chequers_mini_garden, uniq_crazy_yiuf_cottage
D:4:      layout_basic, lemuel_blue_sif_altar, nicolae_overflow_two_pavilions,
          temple_green, dk_noncrumbling_2
D:5:      layout_basic, mainiacjoe_overflow_concentric_impassable, serial_shops,
          shop
D:6:      cheibrodos_steamvent, layout_basic, gup_sewer_entry_bowl,
          grunt_ministairs_14, uniq_maggie
D:7:      layout_cave_pods, lemuel_crystal_altar
D:8:      layout_cave_pools, nicolae_uskayaw_murder_on_the_dancefloor,
          due_lair_maze_entry_diamond

Skill      XL: |  1  2  3  4  5  6  7  8  9 |
---------------+----------------------------+-----
Long Blades    | 2 3 4 5 6 |  6.1
Shields        | 4 5 6 7 |  7.6
Armour         | 4 5 6 7 |  7.6
Dodging        | 1 2 3 |  3.3
Invocations    | 1 2 3 4 |  4.2
Fighting       | 4 5 |  5.7
Evocations     | 1 2 3 |  3.3

Action                   |  1- 3 |  4- 6 |  7- 9 | 10-12 || total
-------------------------+-------+-------+-------+-------++-------
Melee: Long sword        |   108 |   231 |   242 |       ||   581
       Scimitar          |       |       |   134 |    24 ||   158
Invok: Heroism           |       |       |     9 |     1 ||    10
  Use: Scroll            |     3 |    11 |     6 |       ||    20
       Potion            |     1 |     7 |     5 |     1 ||    14
 Stab: Invisible         |       |       |     2 |       ||     2
Armor: Scale mail        |    70 |   191 |   111 |       ||   372
       Chain mail        |       |       |   109 |    11 ||   120
       Skin              |       |       |     1 |       ||     1
Dodge: Dodged            |    50 |   110 |   149 |     7 ||   316
Block: Buckler           |    24 |    60 |   123 |     7 ||   214

Table legend: (Time is in decaauts)
 A = Elapsed time spent in this place.
 B = Non-inter-level travel time spent in this place.
 C = Inter-level travel time spent in this place.
 D = Time resting spent in this place.
 E = Time spent auto-exploring this place.
 F = Levels seen in this place.
 G = Mean time per level.
                   A        B        C        D        E       F      G
               +--------+--------+--------+--------+--------+-----+--------+
         Total |   8793 |   8523 |    270 |     17 |   6530 |   9 |  977.0 |
       Dungeon |   8476 |   8206 |    270 |     17 |   6261 |   8 | 1059.5 |
         Sewer |    317 |    317 |      0 |      0 |    269 |   1 |  317.0 |
               +--------+--------+--------+--------+--------+-----+--------+

Top non-repeatable levels by time:
     D:6: 1418 daAuts
     D:4: 1355 daAuts
     D:3: 1315 daAuts
     D:7: 1229 daAuts
     D:1: 1197 daAuts
     D:2: 1156 daAuts
     D:5: 735 daAuts
   Sewer: 317 daAuts
     D:8: 66 daAuts
